 Dungeon Crawl Stone Soup version bcrawl-1.37.2 (webtiles) character file.

Game seed: 3422252857100429327

572164 Argron the Warrior (level 16, -3/203 HPs)
             Began as an Ent Fighter on Oct 28, 2022.
             Was the Champion of Okawaru.
             Slain by Asterion
             ... wielding a +4 broad axe of flaming
              (4 damage)
             ... on level 1 of the Vaults.
             The game lasted 02:30:18 (22550 turns).

Argron the Warrior (Ent Fighter)                   Turns: 22550, Time: 02:30:19

Health: -3/203     AC: 28    Str: 29    XL:     16   Next: 12%
Magic:  21/22      EV:  9    Int: 11    God:    Okawaru [******]
Gold:   2248       SH: 21    Dex: 11    Spells: 15/15 levels left

rFire    . . .     GDR:     32% L - +1 great mace (crush)
rCold    . . .     SeeInvis .   Q - +3 large shield {reflect}
rNeg     + + +     Gourm    .   (armour unavailable)
rPois    +         Faith    .   (helmet restricted)
rElec    .         Spirit   .   C - +1 cloak {+Inv}
rCorr    .         Reflect  +   (gloves unavailable)
MR       ++...     Clarity  +   (boots unavailable)
Stlth    +.........             K - amulet of rage
HPRegen  0.43/turn              M - ring of protection from magic
MPRegen  0.18/turn              H - +1 ring of protection

@: berserk cooldown, starving, slowed, drained, very slow
A: large, slow actions, passwall, strong branches, yellow scales 1, agile 1,
clarity, negative energy resistance 3, sense surroundings 1, poison resistance,
slow metabolism 1, torment resistance, unbreathing, AC +23
a: Passwall, Heroism, Finesse, Renounce Religion, Evoke Berserk Rage, Evoke
Invisibility


You were on level 1 of the Vaults.
You worshipped Okawaru.
Okawaru was exalted by your worship.
You were starving.

You visited 4 branches of the dungeon, and saw 20 of its levels.

You collected 2469 gold pieces.
You spent 221 gold pieces at shops.

Inventory:

Hand Weapons
 b - a +4 demon whip of electrocution
 j - the +4 flail "Xahigaso" {drain, rElec MR++ MP+9 Int-5}
   (You bought it in a shop on level 4 of the Dungeon)

   A truly terrible weapon, it drains the life of those it strikes.
   It affects your intelligence (-5).
   It insulates you from electricity.
   It affects your resistance to hostile enchantments.
   It affects your magic capacity (+9).
 o - a +3 flail of protection
 L - a +1 great mace of crushing (weapon)
 P - a +1 dire flail of draining
Missiles
 k - 122 large rocks
 s - 103 javelins
 u - 74 steel javelins
 O - 219 poisoned tomahawks (quivered)
Armour
 B - a scarf of spirit shield
 C - a +1 cloak of invisibility (worn)
 E - a +2 medium shield of protection
 I - a scarf of stasis
 Q - a +3 large shield of reflection (worn)
Jewellery
 h - an uncursed amulet of guardian spirit
 q - an uncursed ring of see invisible
 H - a +1 ring of protection (right hand)
 K - an amulet of rage (around neck)
 M - a ring of protection from magic (left hand)
Wands
 A - a wand of paralysis (8)
 N - a wand of digging (4)
Scrolls
 d - 13 scrolls of teleportation
 f - 5 scrolls of fear
 i - 3 scrolls of identify
 n - 5 scrolls of magic mapping
 p - 7 scrolls of remove curse
 t - 3 scrolls of enchant weapon
 w - a scroll of summoning
 x - 2 scrolls of fog
Potions
 a - 4 potions of curing
 c - 5 potions of might
 g - 7 potions of flight
 l - 2 potions of agility
 r - 2 potions of mutation
 v - a potion of invisibility
 z - a potion of ambrosia
 G - 6 potions of berserk rage
 J - 2 potions of cancellation
Miscellaneous
 F - a lamp of fire
Comestibles
 e - 33 rations {!d}
 D - 3 chunks of flesh


   Skills:
 * Level 18.6(17.3) Fighting
 * Level 17.5(16.3) Maces & Flails
 + Level 9.4(8.3) Throwing
 + Level 10.4(9.4) Dodging
 + Level 9.7(8.6) Shields
 - Level 8.0(6.9) Invocations


You had 15 spell levels left.
You didn't know any spells.
Your spell library was empty.

Dungeon Overview and Level Annotations

Branches:
Dungeon (12/12)            Temple (0/1) D:6            Lair (6/6) D:7
  Swamp (0/3) Lair:2       Shoals (0/3) Lair:4        Slime (0/5) Lair:5
    Orc (1/1) D:11            Elf (0/3) Orc          Vaults (1/3) D:12
 Depths (0/5) D:12
  Crypt: Vaults:1-2

Altars:
Ashenzari
Cheibriados
Hepliaklqana
Lugonu
Nemelex Xobeh
Okawaru
Sif Muna
Trog
Uskayaw
Vehumet
Wu Jian
Xom
Yredelemnul
Zin
The Shining One
Jiyva

Shops:
D:4 (   D:9 %   D:10 %   Orc :(*[?

Portals:
Abyss: Lair:6

Annotations:
Vaults:1 Asterion


Innate Abilities, Weirdness & Mutations

You move and act slowly.
You can pass through walls and trees.
Your branches can wield two-handed weapons with a shield.
Your thick bark is tough. (AC +23)
You are too large for most types of armour.
You are immune to negative energy. (rN+++)
Your system is resistant to poisons. (rPois)
You have a slow metabolism.
You are immune to unholy pain and torment.
You can survive without breathing.
You are partially covered in yellow scales. (AC +2)
You are agile. (Dex +2)
You possess an exceptional clarity of mind.
You passively map a small area around you.


Message History

Asterion is almost dead.
You are no longer berserk.
You are exhausted.
You feel as though you will be slow longer.
Asterion hits you with a +4 broad axe of flaming!
* * * LOW HITPOINT WARNING * * *
Asterion burns you.
* * * LOW HITPOINT WARNING * * *
You block Asterion's attack. Something hits you!
* * * LOW HITPOINT WARNING * * *
Something drains your vigour!
You feel as though you will be slow longer.
The yaktaur shoots a bolt.
Reactivating autopickup.
The yaktaur shoots a bolt.
The bolt hits you but does no damage.
The centaur warrior hits you but does no damage. x2
Asterion hits you with a +4 broad axe of flaming!
* * * LOW HITPOINT WARNING * * *
Asterion burns you.
You die...

.... , ########'####.......
H...##########..>................
.................................
.................................
.................................
....e..........pW................
..............2eccW............÷.
..............cccWe..............
.....)§......WWH@WW..............
######)##################'#######
* , .cp.. ,, #####.....#####


.cccSE.p #.#.+.....+)#.# *,.###e.###.. #.###[....###.# , #..#* ,.
#.#.+..)..+.#.# ....** #.###..∩>.###.# ,.... , #.#.+...)(+)#.# , , ,
#.###+#+#)###.# You could see Asterion, a deep elf death mage, a blizzard demon,
a deep elf sorcerer, 2 centaur warriors, a vault sentinel, 3 yaktaurs, 2
freezing wraiths, a phantom and 4 wraiths.

Vanquished Creatures
  An orc warlord (Orc)
  3 vault wardens (Vaults:1)
  3 ironheart preservers (Vaults:1)
  2 entropy weavers (Lair:6)
  Snorg (Lair:4)
  An ettin (Vaults:1)
  Urug (Lair:2)
  6 vault guards
  6 hydras
  Erolcha (D:10)
  Erica (D:11)
  An anaconda (Lair:6)
  An ogre mage (D:12)
  Sonja (D:11)
  10 two-headed ogres
  10 death yaks
  A queen ant (Lair:6)
  2 thrashing horrors (Lair:6)
  The ghost of Mehrunes the Devastator, a journeyman AvCj of Vehumet (Lair:2)
  A deep troll (D:11)
  4 orc high priests (Orc)
  2 centaur warriors
  A fire crab (Lair:6)
  3 deep elf knights (Vaults:1)
  2 large abominations (Lair:6)
  2 deep elf archers
  An ironheart convoker (Vaults:1)
  A cyclops (D:11)
  A wolf spider zombie (D:10)
  6 orc knights
  A wizard (D:12)
  5 ugly things
  A mana viper (shapeshifter) (D:11)
  2 deep elf magi
  5 orc sorcerers (Orc)
  An elephant (shapeshifter) (Vaults:1)
  2 black mambas (Lair:6)
  14 elephants
  A gargoyle (D:12)
  A vault sentinel (Vaults:1)
  A guardian serpent (shapeshifter) (D:11)
  A merfolk siren (Lair:4)
  7 komodo dragons
  11 cane toads
  2 smoke demons (Lair:6)
  4 yaktaurs
  A rime drake (Lair:6)
  A tengu conjurer (D:12)
  3 freezing wraiths
  3 ancient zymes (Lair:6)
  2 trolls
  3 meliai (D:12)
  2 hornets
  A harpy skeleton (D:11)
  A blink frog (shapeshifter) (D:12)
  6 hippogriffs
  31 blink frogs
  7 slime creatures
  13 dream sheep
  Grum (Lair:3)
  A meliai zombie (D:9)
  A wraith (D:9)
  A wyvern (Lair:2)
  A ynoxinul (Lair:6)
  46 yaks
  A basilisk (Lair:6)
  A yak (shapeshifter) (D:12)
  5 chaos spawn (Lair:6)
  2 hungry ghosts
  A two-headed ogre zombie (D:10)
  Edmund (D:3)
  4 water moccasins
  10 crocodiles
  4 wargs (Orc)
  6 porcupines
  5 soldier ants (Lair:6)
  2 ice beasts
  42 orc warriors
  3 sky beasts
  A hornet zombie (D:10)
  A sky beast (shapeshifter) (D:12)
  13 small abominations (Lair:6)
  2 black bears
  A necrophage (D:9)
  20 ogres
  2 phantoms
  16 wolves
  2 elf zombies (D:9)
  A bullfrog (shapeshifter) (D:7)
  7 kobold brigands
  12 bullfrogs
  A gnoll sergeant (D:9)
  4 centaurs
  An elf skeleton (D:9)
  A scorpion (D:10)
  5 killer bees (D:9)
  A troll skeleton (D:9)
  7 wights
  A howler monkey (D:4)
  24 orc priests
  5 crimson imps
  A wyvern simulacrum (D:7)
  2 jellies
  A gnoll shaman (D:8)
  6 hounds
  2 human zombies (D:9)
  An iron imp (D:7)
  23 orc wizards
  2 human skeletons (D:9)
  5 iguanas
  13 worker ants
  An ogre zombie (D:10)
  2 hound zombies
  2 hound skeletons
  A mummy (D:9)
  Robin (D:4)
  6 adders
  10 gnolls
  4 shadow imps
  An ooze (D:2)
  An adder zombie (D:5)
  An adder skeleton (D:4)
  2 worms
  3 dart slugs
  6 leopard geckos
  64 orcs
  A giant cockroach (D:1)
  6 goblins
  6 hobgoblins
  8 jackals
  29 kobolds
  A quokka (D:5)
  A ball python (D:4)
  5 bats
  A frilled lizard (D:1)
  A jackal skeleton (D:5)
  9 rats
705 creatures vanquished.

Vanquished Creatures (others)
  A yaktaur captain (Vaults:1)
  A rakshasa (Vaults:1)
  A cyclops (Vaults:1)
  2 yaktaurs (Vaults:1)
  An orc warrior (Orc)
  An ogre (Orc)
  2 orcs
  5 bushes (Lair:6)
  22 fungi
  25 plants
61 creatures vanquished.

Grand Total: 766 creatures vanquished

Notes
Turn   | Place    | Note
-------+----------+-------------------------------------------
     0 | D:1      | Argron the Ent Fighter began the quest for the Orb.
     0 | D:1      | Reached XP level 1. HP: 25/25 MP: 1/1
   259 | D:1      | Reached XP level 2. HP: 32/33 MP: 2/2
  1057 | D:1      | Reached XP level 3. HP: 36/42 MP: 3/3
  1310 | D:2      | Found a glowing silver altar of Zin.
  1366 | D:2      | Reached skill level 4 in Fighting
  1410 | D:2      | Found a shimmering altar of Xom.
  1411 | D:2      | Found a hazy altar of Hepliaklqana.
  1411 | D:2      | Noticed a spectral ugly thing
  1472 | D:2      | Noticed a spectral ugly thing
  1473 | D:2      | Noticed a spectral ugly thing
  1999 | D:3      | Reached XP level 4. HP: 51/51 MP: 4/4
  2582 | D:3      | Found an iron altar of Okawaru.
  2584 | D:3      | Found an ornate altar of the Wu Jian Council.
  2585 | D:3      | Found a glowing golden altar of the Shining One.
  2591 | D:3      | Became a worshipper of Warmaster Okawaru
  2770 | D:4      | Reached skill level 1 in Throwing
  2770 | D:4      | Noticed Edmund
  2798 | D:3      | Reached XP level 5. HP: 4/60 MP: 5/5
  3030 | D:3      | Killed Edmund
  3030 | D:3      | Reached * piety under Okawaru
  3031 | D:3      | Reached skill level 5 in Fighting
  3031 | D:3      | Reached XP level 6. HP: 65/71 MP: 6/6
  3144 | D:4      | Found Zeanomodgh's Antique Weapon Shoppe.
  3165 | D:4      | Reached skill level 5 in Maces & Flails
  3186 | D:4      | Bought a crude flail for 221 gold pieces
  3186 | D:4      | Identified the +4 flail "Xahigaso" {drain, rElec MR++ MP+9
                  | Int-5} (You bought it in a shop on level 4 of the Dungeon)
  3245 | D:4      | Noticed Robin
  3251 | D:4      | Killed Robin
  3278 | D:4      | Reached XP level 7. HP: 78/78 MP: 7/7
  3616 | D:5      | Entered Level 5 of the Dungeon
  3772 | D:5      | Reached skill level 1 in Invocations
  4279 | D:5      | Reached skill level 6 in Fighting
  4515 | D:5      | Reached ** piety under Okawaru
  4523 | D:5      | Reached XP level 8. HP: 35/89 MP: 9/9
  4796 | D:6      | Found an ancient bone altar of Kikubaaqudgha.
  4910 | D:6      | Found a staircase to the Ecumenical Temple.
  5098 | D:7      | Found a transporter.
  5100 | D:7      | Found a shimmering blue altar of Sif Muna.
  5101 | D:7      | Noticed a polar bear
  5102 | D:7      | Found a transporter.
  5102 | D:7      | Noticed a centaur warrior
  5103 | D:7      | Noticed a wind drake
  5103 | D:7      | a polar bear changed into a wind drake
  5107 | D:7      | Noticed a cane toad
  5107 | D:7      | a wind drake changed into a cane toad
  5122 | D:7      | Got a crude steel ring
  5123 | D:7      | Identified the ring "Ysuysch" {rPois rF- Str+3 Stlth++}
                  | (You found it on level 7 of the Dungeon)
  5127 | D:7      | Noticed a meliai
  5127 | D:7      | a cane toad changed into a meliai
  5345 | D:7      | Reached skill level 7 in Fighting
  5388 | D:7      | Noticed a slime creature
  5398 | D:7      | Killed a slime creature
  5543 | D:7      | Found a radiant altar of Vehumet.
  5571 | D:7      | Noticed a troll
  5578 | D:7      | Killed a troll
  5578 | D:7      | Reached *** piety under Okawaru
  5578 | D:7      | Received a gift from Okawaru
  5579 | D:7      | Reached XP level 9. HP: 95/100 MP: 11/11
  5607 | D:7      | Found a shattered altar of Ashenzari.
  5626 | D:7      | Gained mutation: You passively map a small area around you.
                  | [potion of mutation]
  5626 | D:7      | Gained mutation: You are agile. (Dex +2) [potion of
                  | mutation]
  5626 | D:7      | Gained mutation: You possess an exceptional clarity of
                  | mind. [potion of mutation]
  5626 | D:7      | Gained mutation: You are partially covered in yellow
                  | scales. (AC +2) [potion of mutation]
  5627 | D:7      | Found a snail-covered altar of Cheibriados.
  5648 | D:7      | Found a staircase to the Lair.
  5678 | D:7      | Found a hide-covered altar of Uskayaw.
  6053 | D:8      | Reached skill level 8 in Fighting
  6072 | D:8      | Reached skill level 5 in Dodging
  6131 | D:8      | Found a sparkling altar of Nemelex Xobeh.
  6456 | D:8      | Reached **** piety under Okawaru
  6726 | D:9      | Reached skill level 5 in Invocations
  6730 | D:9      | Reached XP level 10. HP: 107/114 MP: 13/13
  6731 | D:9      | Reached skill level 5 in Shields
  6732 | D:9      | Reached skill level 9 in Fighting
  6766 | D:9      | Noticed a three-headed hydra
  6778 | D:9      | Killed a three-headed hydra
  6778 | D:9      | Reached ***** piety under Okawaru
  6921 | D:9      | Reached skill level 10 in Maces & Flails
  6949 | D:9      | Found Mesausedgh's Food Boutique.
  7570 | D:9      | Found a basalt altar of Yredelemnul.
  7761 | D:10     | Entered Level 10 of the Dungeon
  7787 | D:10     | Reached skill level 10 in Fighting
  7809 | D:10     | Received a gift from Okawaru
  7821 | D:10     | Reached XP level 11. HP: 87/126 MP: 15/15
  8014 | D:10     | Found Feraw's Food Boutique.
  8117 | D:10     | Reached skill level 5 in Throwing
  8537 | D:10     | Noticed a white ugly thing
  8548 | D:10     | Killed a white ugly thing
  8864 | D:10     | Noticed a two-headed ogre
  8864 | D:10     | Noticed a two-headed ogre
  8865 | D:10     | Noticed a two-headed ogre
  8869 | D:10     | Killed a two-headed ogre
  8876 | D:10     | Killed a two-headed ogre
  8882 | D:10     | Killed a two-headed ogre
  8994 | D:10     | Noticed a two-headed ogre
  8995 | D:10     | Noticed a two-headed ogre
  8995 | D:10     | Noticed a two-headed ogre
  8997 | D:10     | Noticed Erolcha
  9001 | D:10     | Killed a two-headed ogre
  9002 | D:10     | Reached skill level 11 in Fighting
  9005 | D:10     | Killed a two-headed ogre
  9017 | D:10     | Killed a two-headed ogre
  9028 | D:10     | Killed Erolcha
  9028 | D:10     | Reached ****** piety under Okawaru
  9048 | D:10     | Received a gift from Okawaru
  9056 | D:10     | Reached XP level 12. HP: 102/140 MP: 17/17
  9426 | Lair:1   | Entered Level 1 of the Lair of Beasts
  9699 | Lair:1   | Received a gift from Okawaru
 10297 | Lair:1   | Identified a scroll of acquirement
 10297 | Lair:1   | Identified the +0 great mace "Jadgh" {freeze, +Rage rElec
                  | Str+7 Stlth-} (You acquired it on level 1 of the Lair of
                  | Beasts)
 10749 | Lair:2   | Found a staircase to the Swamp.
 10772 | Lair:2   | Found a runed translucent door.
 10772 | Lair:2   | Noticed Mehrunes's ghost (journeyman AvCj)
 10772 | Lair:2   | Noticed a seven-headed hydra
 10787 | Lair:2   | Killed a seven-headed hydra
 10788 | Lair:2   | Reached skill level 12 in Fighting
 10801 | Lair:2   | Killed Mehrunes's ghost
 10985 | Lair:2   | Noticed Urug
 11000 | Lair:2   | Killed Urug
 11150 | Lair:2   | Received a gift from Okawaru
 11821 | Lair:3   | Reached skill level 13 in Fighting
 11841 | Lair:3   | Noticed Grum
 11859 | Lair:3   | Killed Grum
 12106 | Lair:3   | Noticed a death yak
 12108 | Lair:3   | Noticed a death yak
 12118 | Lair:3   | Killed a death yak
 12122 | Lair:3   | Killed a death yak
 12123 | Lair:3   | Reached XP level 13. HP: 154/155 MP: 19/19
 12867 | Lair:3   | Reached skill level 14 in Fighting
 13201 | Lair:4   | Noticed Snorg
 13226 | Lair:4   | Killed Snorg
 13226 | Lair:4   | Received a gift from Okawaru
 13626 | Lair:4   | Found a staircase to the Shoals.
 14562 | Lair:5   | Reached skill level 15 in Fighting
 14758 | Lair:5   | Got a slimy diamond amulet
 14760 | Lair:5   | Identified the cursed amulet of Zin's Envy {Inacc Int+4
                  | Dex-3 SInv} (You found it on level 5 of the Lair of Beasts)
 15095 | Lair:5   | Found a viscous altar of Jiyva.
 15095 | Lair:5   | Found a staircase to the Slime Pits.
 15302 | Lair:6   | Entered Level 6 of the Lair of Beasts
 15500 | Lair:6   | Reached XP level 14. HP: 172/173 MP: 20/20
 15593 | Lair:6   | Received a gift from Okawaru
 15753 | Lair:6   | Reached skill level 16 in Fighting
 15753 | Lair:6   | Reached skill level 15 in Maces & Flails
 16314 | Lair:6   | Found a corrupted altar of Lugonu.
 16314 | Lair:6   | Found a one-way gate to the infinite horrors of the Abyss.
 16664 | Lair:6   | Got a bloodstained war axe
 16665 | Lair:6   | Identified the cursed +1 war axe "Houso" {venom, +Inv} (You
                  | found it on level 6 of the Lair of Beasts)
 16811 | Lair:6   | Reached skill level 17 in Fighting
 16817 | Lair:6   | Received a gift from Okawaru
 16824 | Lair:6   | Got a crude trident {god gift}
 16825 | Lair:6   | Identified the +1 trident "Giantslayer" {pierce, rPois rF+}
                  | (Okawaru gifted it to you on level 6 of the Lair of Beasts)
 18010 | D:11     | Noticed Erica
 18022 | D:11     | Killed Erica
 18094 | D:11     | Received a gift from Okawaru
 18444 | D:11     | Noticed Sonja
 18455 | D:11     | Killed Sonja
 18693 | D:11     | Found a bloodstained altar of Trog.
 18727 | D:11     | Found a staircase to the Orcish Mines.
 18991 | D:12     | Entered Level 12 of the Dungeon
 19004 | D:11     | Reached XP level 15. HP: 90/187 MP: 21/21
 19240 | D:12     | Received a gift from Okawaru
 19241 | D:12     | Got a dazzling glaive {god gift}
 19319 | D:11     | Identified the +6 glaive "Worm's Wrath" {venom, rElec
                  | Dex+4} (Okawaru gifted it to you on level 12 of the
                  | Dungeon)
 19335 | D:12     | Found a staircase to the Depths.
 19715 | D:12     | Found a gate to the Vaults.
 20116 | Orc      | Entered the Orcish Mines
 20116 | Orc      | Found a staircase to the Elven Halls.
 20412 | Orc      | Found Jem Piy's Magic Scroll Boutique.
 20535 | Orc      | Reached skill level 18 in Fighting
 20544 | Orc      | Received a gift from Okawaru
 21054 | Orc      | Noticed an orc warlord
 21192 | Orc      | Reached skill level 10 in Dodging
 21259 | Orc      | Killed an orc warlord
 21691 | Orc      | Found Hiugullo's General Store.
 21692 | Orc      | Found Poyhebom's Book Boutique.
 21694 | Orc      | Found Fochurr's Antique Armour Shop.
 21694 | Orc      | Found Zodovad's Antique Weapon Shop.
 21905 | Vaults:1 | Entered Level 1 of the Vaults
 21941 | Vaults:1 | Noticed a vault warden
 21945 | Vaults:1 | Killed a vault warden
 21985 | Vaults:1 | Noticed a vault warden
 22010 | Vaults:1 | Killed a vault warden
 22176 | Vaults:1 | Received a gift from Okawaru
 22343 | Vaults:1 | Reached XP level 16. HP: 193/203 MP: 22/22
 22351 | Vaults:1 | Received a gift from Okawaru
 22352 | Vaults:1 | Got an encrusted hat {god gift}
 22410 | Vaults:1 | Identified the -3 hat of a treasure trove {*Drain Regen+
                  | Dex+6 SInv} (Okawaru gifted it to you on level 1 of the
                  | Vaults)
 22531 | Vaults:1 | Noticed Asterion
 22550 | Vaults:1 | HP: 1/203 [Asterion/+4 broad axe of flaming (11)]
 22550 | Vaults:1 | Slain by Asterion

Skill      XL: |  1  2  3  4  5  6  7  8  9 10 11 12 13 14 15 |
---------------+----------------------------------------------+-----
Maces & Flails | 3 4 5 6 7 9 10 12 13 14 16 17 | 17.5
Fighting       | 4 5 6 7 8 10 11 13 15 17 18 | 18.6
Dodging        | 3 4 5 6 7 8 9 10 | 10.4
Throwing       | 1 2 3 4 5 6 7 8 9 |  9.4
Shields        | 3 4 5 6 7 8 9 |  9.7
Invocations    | 2 3 5 6 7 8 |  8.0

Action                   |  1- 3 |  4- 6 |  7- 9 | 10-12 | 13-15 | 16-18 || total
-------------------------+-------+-------+-------+-------+-------+-------++-------
Melee: Flail             |   137 |   101 |   235 |   540 |   603 |       ||  1616
       Great mace        |       |       |       |       |   332 |    30 ||   362
Throw: Stone             |    71 |    32 |    33 |       |       |       ||   136
       Tomahawk          |       |    23 |    75 |   163 |   287 |    16 ||   564
       Javelin           |       |       |       |       |   135 |       ||   135
Invok: Heroism           |       |       |     1 |     9 |     7 |     2 ||    19
       Finesse           |       |       |       |     5 |     4 |     2 ||    11
 Abil: Passwall          |       |     5 |     2 |     9 |    35 |       ||    51
       Evoke Invisibilit |       |       |       |       |     1 |       ||     1
       Evoke Berserk Rag |       |       |       |       |       |     1 ||     1
  Use: Potion            |     6 |     1 |     2 |     2 |     1 |     1 ||    13
       Scroll            |     7 |     2 |     4 |     5 |    10 |     1 ||    29
 Stab: Sleeping          |       |       |       |       |     1 |       ||     1
  Eat: Chunk             |    10 |     5 |    17 |    32 |    59 |       ||   123
       Ration            |       |     1 |     1 |     1 |     2 |       ||     5
Armor: Skin              |    97 |    95 |   206 |   257 |   456 |    60 ||  1171
Dodge: Dodged            |    52 |    49 |   142 |   191 |   378 |    33 ||   845
Block: Medium shield     |    79 |    90 |   202 |   201 |   668 |       ||  1240
       Large shield      |       |       |       |   304 |   206 |    82 ||   592
       Reflection        |       |       |       |       |    26 |     2 ||    28
